 Dungeon Crawl Stone Soup version 0.28.0 (webtiles) character file.

Game seed: 4718827914938220794

895 themarg the Carver (level 7, -1/59 (62) HPs)
             Began as a Minotaur Monk on Feb 8, 2022.
             Was an Elder of Elyvilon.
             Slain by a bullfrog (2 damage)
             ... on level 6 of the Dungeon.
             The game lasted 00:23:07 (5633 turns).

themarg the Carver (Minotaur Monk)                  Turns: 5633, Time: 00:23:08

HP:   -1/59 (62)    AC:  4    Str: 22    XL:     7   Next: 78%
MP:   5/6           EV: 13    Int:  7    God:    Elyvilon [****..]
Gold: 203           SH:  0    Dex: 14    Spells: 6/6 levels left

rFire   . . .      SeeInvis .   a - +0 falchion
rCold   . . .      Faith    .   (no shield)
rNeg    + . .      Spirit   .   p - +0 leather armour
rPois   .          Reflect  .   (helmet restricted)
rElec   .          Harm     .   (no cloak)
rCorr   .          Rampage  .   (no gloves)
Will    .....                   t - +0 pair of boots
Stlth   ++........              (no amulet)
HPRegen 0.19/turn               f - +6 ring of strength
MPRegen 0.10/turn               v - ring of positive energy

@: lightly drained
A: horns 2, retaliatory headbutt
a: Renounce Religion, Purification, Heal Other, Heal Self


You were on level 6 of the Dungeon.
You worshipped Elyvilon.
Elyvilon was greatly pleased with you.
You visited 1 branch of the dungeon, and saw 6 of its levels.

You collected 203 gold pieces.

Inventory:

Hand Weapons
 a - a +0 falchion (weapon)
Missiles
 k - 11 poisoned darts (quivered)
 y - 109 stones
 B - 22 bolts
Armour
 b - a +0 robe
 p - a +0 leather armour (worn)
 t - a +0 pair of boots (worn)
Jewellery
 f - a +6 ring of strength (left hand)
 v - a ring of positive energy (right hand)
Wands
 n - a wand of digging (3)
 s - a wand of charming (5)
 w - a wand of flame (5)
Scrolls
 c - a scroll of enchant armour
 g - a scroll of torment {unknown}
 i - 2 scrolls of teleportation {unknown}
 l - 2 scrolls of silence {unknown}
 o - a scroll of fog {unknown}
 r - a scroll of enchant weapon {unknown}
 u - a scroll of noise {unknown}
 A - 2 scrolls of vulnerability {unknown}
 C - a scroll of magic mapping {unknown}
 D - a scroll of identify
Potions
 d - a potion of haste {unknown}
 e - 2 potions of magic {unknown}
 h - 2 potions of attraction {unknown}
 j - a potion of heal wounds {unknown}
 m - 3 potions of ambrosia
 q - a potion of degeneration {unknown}
 x - a potion of invisibility {unknown}
 z - a potion of resistance {unknown}


   Skills:
 + Level 5.9 Fighting
 + Level 8.0 Long Blades
 + Level 3.6 Armour
 + Level 5.1 Dodging
 + Level 2.2 Stealth
 + Level 0.4 Invocations


You had 6 spell levels left.
You didn't know any spells.
Your spell library contained the following spells:

 Spells                   Type           Power      Damage    Failure   Level
 Magic Dart               Conj           0%         1d3       47%         1
 Sandblast                Erth           0%         2d4       47%         1
 Call Imp                 Summ           0%         N/A       63%         2
 Passwall                 Tmut/Erth      0%         N/A       63%         2
 Mephitic Cloud           Conj/Pois/Air  0%         N/A       85%         3
 Stone Arrow              Conj/Erth      0%         3d7       85%         3


Dungeon Overview and Level Annotations

Branches:
Dungeon (6/15)
 Temple: D:4-7

Altars:
Elyvilon
Gozag
Hepliaklqana
Qazlal
Ru
Trog
Wu Jian

Shops:
D:2 =


Innate Abilities, Weirdness & Mutations

You have a pair of horns on your head.
You reflexively headbutt those who attack you in melee.


Message History

You kill the ogre!
Your Long Blades skill increases to level 8!
Things that are here:
a +0 giant club; an ogre corpse A wight comes into view.
It is wielding a +0 trident.
You see here a scroll labelled JAAPRO PUHIEGI.
You are healed.
You barely miss the wight. Your headbutt misses the wight.
The wight hits you with a +4 scimitar!
You barely miss the wight. Your headbutt misses the wight.
The wight hits you with a +4 scimitar!
* * * LOW HITPOINT WARNING * * *
A wight comes into view. It is wielding a +4 hand axe.
The wight moves out of view.
Things that are here:
a +0 giant club; an ogre corpse A wight comes into view.
It is wielding a +3 war axe.
The wight hits you with a +4 hand axe.
* * * LOW HITPOINT WARNING * * *
You partially resist.
You feel drained. The wight misses you. The wight hits you with a +4 scimitar.
* * * LOW HITPOINT WARNING * * *
You partially resist.
You feel drained. The wight closely misses you.
You feel purified! The wight hits you with a +4 hand axe!
* * * LOW HITPOINT WARNING * * *
You partially resist.
You feel drained.
* * * LOW HITPOINT WARNING * * *
The wight closely misses you. x2
An ufetubus and a bullfrog come into view.
The ufetubus shouts!
The bullfrog croaks.
The bullfrog swells and bulges.
The bullfrog hits you.
* * * LOW HITPOINT WARNING * * *
The wight hits you with a +4 hand axe! Elyvilon protects you from harm!
You partially resist.
You feel drained.
* * * LOW HITPOINT WARNING * * *
The bullfrog hits you.
You die...

... .. ##
..#. .#. ..
##.#####
+......#
#@##.#######
#F##5z.zz..#
#..z######.#
###.# #.#
#.# #z# #.#
#.# #..
###z# #.#
#..z# ###
#.###


You could see a bullfrog.

Vanquished Creatures
  3 ogres
  A kobold brigand (D:4)
  A scorpion (D:4)
  A water moccasin skeleton (D:5)
  A howler monkey (D:5)
  A centaur zombie (D:5)
  4 hounds (D:5)
  A jelly (D:5)
  A centaur skeleton (D:6)
  2 iguanas (D:5)
  2 orc wizards
  A gnoll (D:5)
  6 adders
  A worm (D:2)
  A dart slug (D:4)
  9 orcs
  A bat (D:3)
  4 endoplasms
  2 giant cockroaches
  4 goblins
  4 hobgoblins
  3 kobolds
  2 quokkas
  A ball python (D:3)
  3 frilled lizards
  3 rats
63 creatures vanquished.

Notes
Turn   | Place    | Note
-------+----------+-------------------------------------------
     0 | D:1      | themarg the Minotaur Monk began the quest for the Orb.
     0 | D:1      | Reached XP level 1. HP: 19/19 MP: 0/0
   445 | D:1      | Found a faded altar of an unknown god.
   530 | D:1      | Prayed at the altar of an unknown god.
   530 | D:1      | Became a worshipper of Elyvilon the Healer
   530 | D:1      | Reached * piety under Elyvilon
   530 | D:1      | Reached ** piety under Elyvilon
   658 | D:2      | Found Qeoquhete's Jewellery Boutique.
   746 | D:2      | Reached *** piety under Elyvilon
   772 | D:2      | Reached XP level 2. HP: 23/27 MP: 1/1
   977 | D:2      | Reached skill level 4 in Long Blades
  1268 | D:2      | Reached XP level 3. HP: 33/33 MP: 2/2
  1989 | D:3      | Reached XP level 4. HP: 31/40 MP: 3/3
  2234 | D:3      | Reached skill level 5 in Long Blades
  2484 | D:4      | Noticed an ogre
  2501 | D:3      | Killed an ogre
  2502 | D:3      | Reached XP level 5. HP: 31/47 MP: 4/4
  2661 | D:4      | Reached skill level 6 in Long Blades
  2661 | D:4      | Reached XP level 6. HP: 23/53 MP: 2/5
  2957 | D:4      | Reached skill level 5 in Fighting
  3264 | D:4      | Found a sacrificial altar of Ru.
  3265 | D:4      | Found an ornate altar of the Wu Jian Council.
  3266 | D:4      | Found an opulent altar of Gozag.
  3266 | D:4      | Found a stormy altar of Qazlal.
  3387 | D:4      | Found a bloodstained altar of Trog.
  3437 | D:4      | Reached **** piety under Elyvilon
  4151 | D:5      | Entered Level 5 of the Dungeon
  4266 | D:5      | Reached skill level 7 in Long Blades
  4448 | D:5      | Reached skill level 5 in Dodging
  4448 | D:5      | Reached XP level 7. HP: 39/62 MP: 6/6
  4668 | D:5      | Reached skill level 1 in Armour
  5465 | D:5      | Found a hazy altar of Hepliaklqana.
  5595 | D:6      | Reached skill level 8 in Long Blades
  5614 | D:6      | HP: 2/62 [wight (7)]
  5631 | D:6      | HP: 2/61 [bullfrog (2)]
  5631 | D:6      | Elyvilon protects you from harm!
  5633 | D:6      | Slain by a bullfrog

Illustrated notes

Levels and vault maps discovered:
D:1:      heliophobic_arrival_henge, layout_basic,
          shapermc_ecumenical_altar_starsandcircs
D:2:      layout_rooms, serial_shops, nicolae_shop_hallway_plus
D:3:      layout_loops_ring
D:4:      layout_cave_pods, chequers_temple_overflow_statue_of_worship,
          mainiacjoe_overflow_concentric_impassable
D:5:      layout_loops_ring, lemuel_coloured_pillars_altar, cheibrodos_gnoll_hut
D:6:      layout_basic, serial_shops, nicolae_shop_window_shopping

Skill      XL: |  1  2  3  4  5  6  7 |
---------------+----------------------+-----
Fighting       | 4 5 |  5.9
Long Blades    | 4 5 6 7 8 |  8.0
Dodging        | 4 5 |  5.1
Stealth        | 2 |  2.2
Armour         | 3 |  3.6
Invocations    | |  0.4

Action                   |  1- 3 |  4- 6 |  7- 9 || total
-------------------------+-------+-------+-------++-------
Melee: Falchion          |    79 |    78 |    49 ||   206
       Headbutt          |    13 |    18 |     7 ||    38
       Punch             |       |     3 |       ||     3
Throw: Dart              |       |     1 |       ||     1
Invok: Heal Self         |       |     2 |     1 ||     3
       Purification      |       |       |     1 ||     1
  Use: Scroll            |       |     2 |       ||     2
Armor: Robe              |    13 |     1 |       ||    14
       Leather armour    |       |     7 |    12 ||    19
Dodge: Dodged            |    51 |    49 |    25 ||   125
